 Dungeon Crawl Stone Soup version 0.17.0-23-g0de4337 (console) character file.

668 gw the Covered (level 7, -1/44 HPs)
             Began as a Gargoyle Fighter on Nov 15, 2015.
             Was a Follower of Zin.
             Slain by a river rat (5 damage)
             ... summoned by Eustachio
             ... on level 5 of the Dungeon.
             The game lasted 00:06:26 (4458 turns).

gw the Covered (Gargoyle Fighter)                   Turns: 4458, Time: 00:06:26

Health: -1/44      AC: 15    Str: 19    XL:     7   Next: 58%
Magic:  7/7        EV:  5    Int:  9    God:    Zin [*.....]
Gold:   135        SH:  9    Dex: 11    Spells: 0 memorised, 6 levels left

rFire  . . .     SeeInvis .     b - +0 morningstar
rCold  . . .     Clarity  .     p - +0 chain mail
rNeg   + . .     SustAt   .     c - +0 shield
rPois  ∞         Gourm    .     l - +0 helmet
rElec  +         Spirit   .     (no cloak)
rCorr  .         Warding  .     (no gloves)
rMut   .         Stasis   .     (no boots)
MR     .....                    (no amulet)
Stlth  ..........               (no ring)
                                (no ring)

@: short of breath, not resistant to hostile enchantments, extremely unstealthy
A: negative energy resistance 1, electricity resistance, unbreathing,
petrification resistance, rot immunity, AC +4
a: Recite, Donate Gold, Renounce Religion


You were on level 5 of the Dungeon.
You worshipped Zin.
Zin was aware of your devotion.
You were not hungry.

You visited 2 branches of the dungeon, and saw 6 of its levels.

You collected 150 gold pieces.
You donated 15 gold pieces to Zin.

Inventory:

Hand Weapons
 b - a +0 morningstar (weapon)
Missiles
 j - 100 stones
 r - a tomahawk (quivered)
Armour
 c - a +0 shield (worn)
 l - a +0 helmet (worn)
 p - a +0 chain mail (worn)
Wands
 o - a wand of disintegration (3)
Scrolls
 d - 2 scrolls of remove curse
 i - 7 scrolls of identify
Potions
 g - a potion of heal wounds {unknown}
 h - 3 potions of agility
 m - a potion of curing
Comestibles
 e - 5 bread rations
 f - 2 meat rations
 k - a slice of pizza
 q - a beef jerky


   Skills:
 + Level 4.7 Fighting
 * Level 4.9 Maces & Flails
 + Level 2.7 Throwing
 + Level 5.0 Armour
 + Level 4.8 Shields


You had 6 spell levels left.
You didn't know any spells.

Dungeon Overview and Level Annotations

Branches:
Dungeon (5/15)             Temple (1/1) D:4

Altars:
Ashenzari
Cheibriados
Dithmenos
Gozag
Nemelex Xobeh
Okawaru
Ru
Sif Muna
Trog
Xom
Yredelemnul
Zin

Annotations:
D:5 Eustachio


Innate Abilities, Weirdness & Mutations

You are resistant to torment.
Your stone body is resilient (AC +4).
You are immune to poison.
You resist negative energy.
You are resistant to electric shocks.
You can survive without breathing.
You are immune to petrification.
You are immune to rotting.


Message History

You feel short of breath. You block the river rat's attack.
The river rat barely misses you. You block the rat's attack.
ATTACK MOVE TO (-1,0)
You hit the rat.
You kill the rat!
The rat's corpse disappears in a puff of smoke!
The shadow imp disappears in a puff of smoke!
The quasit bites you but does no damage.
You block the quasit's attack. x2
The river rat bites you but does no damage.
ATTACK MOVE TO (-1,0)
Your shield and chain mail prevent you from hitting the quasit.
You block the quasit's attack. The quasit barely misses you.
The quasit claws you but does no damage.
The river rat bites you.
ATTACK MOVE TO (-1,0)
You miss the quasit.
The quasit bites you but does no damage.
The quasit claws you. The quasit completely misses you.
The river rat bites you.
You die...

#............#
####.###.########
#.##............##
.....#..#..#..#..#
...#..#..#..#..#.#
....#..#..#..#...#
#....#..#r.#..#5r#
#..#..#..#..#.5#r#
..............@59#
#.............####
#.#############


You could see Eustachio, 2 quasits, 2 river rats and a white imp.

Table legend:
 A = Turns spent in this place as a percentage of turns spent in the entire game.
 B = Non-inter-level travel turns spent in this place as a percentage of non-inter-level travel turns spent in the entire game.
 C = Inter-level travel turns spent in this place as a percentage of turns spent in this place.
 D = Turns resting spent in this place as a percentage of non-inter-level travel turns spent in this place.
 E = Turns spent auto-exploring this place as a percentage of non-inter-level travel turns spent in this place.
 F = Non-inter-level travel turns spent in this place divided by the number of levels of this place that you've seen.
                   A       B       C       D       E      F
               +-------+-------+-------+-------+-------+----------------------
         Total | 100.0 | 100.0 |   0.2 |   0.7 |   2.1 | 1265.5
       Dungeon |  97.5 |  97.5 |   0.2 |   0.7 |   2.0 | 1480.6
        Temple |   2.5 |   2.5 |   0.5 |   0.0 |   4.2 | 190.0
               +-------+-------+-------+-------+-------+----------------------

Table legend:
 A = Kills in this place as a percentage of kills in entire the game.
 B = Kills by you in this place as a percentage of kills by you in the entire game.
 C = Kills by friends in this place as a percentage of kills by friends in the entire game.
 D = Other kills in this place as a percentage of other kills in the entire game.
 E = Experience gained in this place as a percentage of experience gained in the entire game.
 F = Experience gained in this place divided by the number of levels of this place that you have seen.
                   A       B       C       D       E      F
               +-------+-------+-------+-------+-------+----------------------
         Total | 100.0 | 100.0 |  -nan |  -nan | 100.0 | 159.2
       Dungeon | 100.0 | 100.0 |  -nan |  -nan | 100.0 | 191.0
               +-------+-------+-------+-------+-------+----------------------

Vanquished Creatures
  Sigmund (D:3)
  4 wights (D:3)
  A giant frog skeleton (D:4)
  An orc priest (D:3)
  Terence (D:3)
  An iguana (D:4)
  3 orc wizards
  Robin (D:3)
  5 adders
  3 worms
  2 giant geckos
  11 orcs
  3 giant cockroaches
  23 goblins
  8 hobgoblins
  2 quokkas
  A ball python (D:3)
  6 bats
  4 giant newts
  7 jackals (D:3)
  5 kobolds
  9 rats
102 creatures vanquished.

Notes
Turn   | Place    | Note
--------------------------------------------------------------
     0 | D:1      | gw the Gargoyle Fighter began the quest for the Orb.
     0 | D:1      | Reached XP level 1. HP: 14/14 MP: 1/1
    92 | D:1      | Reached XP level 2. HP: 19/19 MP: 2/2
   743 | D:2      | Reached XP level 3. HP: 23/23 MP: 3/3
   939 | D:2      | Reached skill level 1 in Throwing
  1516 | D:2      | Reached XP level 4. HP: 12/28 MP: 4/4
  2541 | D:3      | Noticed Sigmund
  2544 | D:3      | Noticed Terence
  2575 | D:3      | Killed Terence
  2575 | D:3      | Reached skill level 4 in Armour
  2589 | D:3      | Reached XP level 5. HP: 31/33 MP: 5/5
  2626 | D:3      | Killed Sigmund
  2626 | D:3      | Reached XP level 6. HP: 28/38 MP: 6/6
  2723 | D:3      | Noticed Robin
  2745 | D:3      | Killed Robin
  3202 | D:3      | Reached XP level 7. HP: 42/44 MP: 7/7
  4189 | D:4      | Reached skill level 5 in Armour
  4260 | D:4      | Found a staircase to the Ecumenical Temple.
  4269 | Temple   | Entered the Ecumenical Temple
  4277 | Temple   | Became a worshipper of Zin the Law-Giver
  4277 | Temple   | Reached * piety under Zin
  4344 | D:5      | Entered Level 5 of the Dungeon
  4390 | D:5      | Noticed Eustachio
  4458 | D:5      | Slain by a river rat

Action                   |  1- 3 |  4- 6 |  7- 9 || total
-------------------------+-------+-------+-------++-------
Melee: Flail             |   112 |   152 |   106 ||   370
       Morningstar       |       |       |    52 ||    52
Throw: Tomahawk          |    47 |     4 |     5 ||    56
       Stone             |    42 |    64 |    24 ||   130
Invok: Recite            |       |       |     3 ||     3
Evoke: Wand              |       |     3 |     2 ||     5
  Use: Scroll            |     3 |     3 |     4 ||    10
       Potion            |     3 |     1 |     2 ||     6
  Eat: Chunk             |     1 |     6 |     5 ||    12

Vault maps used:
D:1:      evilmike_arrival_fibonacci_small
D:3:      first_bread, uniq_sigmund, uniq_robin, uniq_terence
D:5:      st_stairs_6, minmay_misc_feat_diagonals, lightli_minifort,
          uniq_duvessa, uniq_eustachio, uniq_pikel
Temple:   temple_eino_lava_12
